 Dungeon Crawl Stone Soup version 0.24.1-14-gf8d2b509d9 (webtiles) character file.

Game seed: 16647336631494702539, levelgen mode: deterministic

38 Hugehornet the Sneak (level 3, -2/21 HPs)
             Began as an Octopode Enchanter on May 19, 2020.
             Slain by an ogre
             ... wielding a +0 giant club
              (9 damage)
             ... on level 2 of the Dungeon.
             The game lasted 00:02:01 (1300 turns).

Hugehornet the Sneak (Octopode Enchanter)           Turns: 1300, Time: 00:02:01

Health: -2/21      AC:  1    Str:  7    XL:     3   Next: 43%
Magic:  6/6        EV: 13    Int: 18    God:
Gold:   88         SH:  6    Dex: 12    Spells: 5/6 levels left

rFire    . . .     SeeInvis .   a - +1 dagger
rCold    . . .     Gourm    .   (no shield)
rNeg     . . .     Faith    .   (helmet restricted)
rPois    .         Spirit   .   e - +6 amulet of reflection
rElec    .         Reflect  +   (no ring)
rCorr    .         Harm     .   (no ring)
MR       .....                  (no ring)
Stlth    ++++......             (no ring)
HPRegen  0.07/turn              (no ring)
MPRegen  0.10/turn              (no ring)
                                (no ring)
                                (no ring)

@: no status effects
A: almost no armour, stealthy swim, amphibious, 8 rings, constrict 8, camouflage
1, gelatinous body 1
a: no special abilities


You were on level 2 of the Dungeon.
You were not hungry.

You visited 1 branch of the dungeon, and saw 2 of its levels.

You collected 88 gold pieces.

Inventory:

Hand Weapons
 a - a +1 dagger (weapon)
Jewellery
 e - a +6 amulet of reflection (around mantle)
Scrolls
 f - a scroll of enchant armour {unknown}
 g - a scroll of blinking {unknown}
 j - 2 scrolls of identify {unknown}
 k - a scroll of magic mapping {unknown}
Potions
 b - a potion of ambrosia {unknown}
 d - 5 potions of curing {unknown}
 h - a potion of brilliance {unknown}
 i - a potion of lignification {unknown}
Comestibles
 c - 7 rations


   Skills:
 + Level 1.7 Short Blades
 - Level 2.0 Dodging
 * Level 5.2 Stealth
 - Level 2.0 Spellcasting
 + Level 3.3 Hexes


You had 5 spell levels left.
You knew the following spells:

 Your Spells              Type           Power        Failure   Level  Hunger
a - Corona                Hex            ##.....      4%          1    #......

Your spell library contained the following spells:

 Spells                   Type           Power        Failure   Level  Hunger
 Ensorcelled Hibernation  Hex/Ice        #.....       14%         2    ###....
 Confuse                  Hex            ##......     14%         3    ###....
 Tukima's Dance           Hex            ##......     14%         3    ###....
 Dazzling Spray           Conj/Hex       #.....       26%         3    ###....


Dungeon Overview and Level Annotations

Branches:
Dungeon (2/15)

Altars:
Ashenzari


Innate Abilities, Weirdness & Mutations

You cannot wear most types of armour.
You are very stealthy in the water. (Stealth+)
You are amphibious.
You can wear up to eight rings at the same time.
You can use your tentacles to constrict eight enemies at once.
Your skin changes colour to match your surroundings (Stealth+).
Your rubbery body absorbs attacks. (AC +1, EV +1)


Message History

Casting: Corona (safe; 4% risk of failure)
Confirm with . or Enter, or press ? or * to list all spells.
Aiming: Corona (safe; 4% risk of failure)
Press: ? - help, Shift-Dir - straight line, f - ogre
Aim: an ogre, wielding a +0 giant club (severely wounded, chance to defeat MR: 50%)
Okay, then.
Unknown command.
You hit the ogre.
The ogre is severely wounded.
The ogre hits you with a +0 giant club!
Ouch! That really hurt!
You hit the ogre.
The ogre is severely wounded.
You hit the ogre.
The ogre is severely wounded.
The ogre closely misses you.
You hit the ogre.
The ogre is severely wounded.
The ogre hits you with a +0 giant club!
You die...

##..........## #.#..
##.#†......## ...##
...........# #....#
......####.#######.....#
......# #............#
####### ####....)....#
##........# #>.......#
#..@.....# #...O....#
#.<......# #........#
#........# ##########


You could see an ogre.

Vanquished Creatures
  3 dart slugs
  3 leopard geckos
  A ball python (D:2)
  5 bats
  A giant cockroach (D:1)
  A hobgoblin (D:2)
  5 kobolds (D:2)
  4 frilled lizards
  3 goblins
  5 rats
31 creatures vanquished.

Notes
Turn   | Place    | Note
-------+----------+-------------------------------------------
     0 | D:1      | Hugehornet the Octopode Enchanter began the quest for the
                  | Orb.
     0 | D:1      | Reached XP level 1. HP: 11/11 MP: 3/3
     6 | D:1      | Noticed a komodo dragon
     6 | D:1      | Noticed a soldier ant
     6 | D:1      | Noticed a stone giant
   211 | D:1      | Reached XP level 2. HP: 17/17 MP: 5/5
   624 | D:1      | Found a shattered altar of Ashenzari.
   898 | D:2      | Reached skill level 5 in Stealth
   898 | D:2      | Reached XP level 3. HP: 14/21 MP: 6/6
  1289 | D:2      | Noticed an ogre
  1300 | D:2      | Slain by an ogre

Levels and vault maps discovered:
D:1:      onia_arrival_zoo_common, layout_loops_ring, ashenzari_altar_1
D:2:      layout_rooms

Skill      XL: |  1  2 |
---------------+-------+-----
Stealth        | 5 |  5.2
Short Blades   | |  1.7
Dodging        | |  2.0
Spellcasting   | |  2.0
Hexes          | |  3.3

Action                   || total
-------------------------++-------
Melee: Dagger            ||    66
       Constrict         ||    12
       Tentacles         ||     4
 Stab: Sleeping          ||    14
  Eat: Chunk             ||     1
Armor: Skin              ||     2
Dodge: Dodged            ||    27
Block: Other             ||     6
